 Dungeon Crawl Stone Soup version 0.19.0-20-gbc5f0c6 (webtiles) character file.

594666 Monsterracer the Conqueror (level 26, -31/266 HPs)
             Began as a Minotaur Berserker on Nov 15, 2016.
             Was the Champion of Trog.
             Killed from afar by an orb of fire (75 damage)
             ... with a fireball
             ... on level 1 of the Realm of Zot on Nov 16, 2016.
             The game lasted 04:02:58 (61681 turns).

Monsterracer the Conqueror (Minotaur Berserker)    Turns: 61681, Time: 04:02:59

Health: -31/266    AC: 46    Str: 28    XL:     26   Next: 31%
Magic:  31/31      EV: 36    Int:  4    God:    Trog [******]
Gold:   3344       SH: 28    Dex: 41    Spells: 0 memorised, 25 levels left

rFire  . . .     SeeInvis .     G - +10 demon whip of Bokkuw {flame, rElec Dex+4}
rCold  . . .     Gourm    .     x - +9 chain mail "Oxte" {rN+}
rNeg   + . .     Faith    .     H - +5 shield {AC+3}
rPois  +         Spirit   .     P - +2 hat
rElec  +         Reflect  +     g - +0 cloak of Duty {rPois Dex+2}
rCorr  .         Harm     .     Y - +3 pair of gloves of Untruth {Dex+6}
MR     ++...     Rnd*Tele +     d - +1 pair of boots {Stlth+}
Stlth  +.........               A - amulet "Affuttag" {Reflect Dex+3 SH+4}
                                O - ring of Satyriasis {Fire rPois MR+}
                                U - ring "Dohouma" {Ice Str+3 Dex+9}

@: exhausted, about to teleport, slowed, very slow
A: retaliatory headbutt, fangs 1, horns 2, molten scales 1, slimy green scales
1, blurry vision 1, clumsy 1, high mp 1, teleportitis 1, evolution 1, MP-powered
wands
a: Berserk, Trog's Hand, Brothers in Arms, Burn Spellbooks, Renounce Religion
}: 3/15 runes: serpentine, barnacled, silver


You were on level 1 of the Realm of Zot.
You worshipped Trog.
Trog was exalted by your worship.
You were very hungry.

You visited 9 branches of the dungeon, and saw 45 of its levels.
You visited the Abyss 1 time.
You visited 1 ziggurat, and saw 6 of its levels.
You also visited: Sewer, Ossuary and Wizlab.

You collected 6974 gold pieces.
You spent 3630 gold pieces at shops.

Inventory:

Hand Weapons
 G - the +10 demon whip of Bokkuw (weapon) {flame, rElec Dex+4}
   (Trog gifted it to you on level 5 of the Depths)

   It has been specially enchanted to burn those struck by it, causing extra
   injury to most foes and up to half again as much damage against particularly
   susceptible opponents.
   It affects your dexterity (+4).
   It insulates you from electricity.
 Z - a +2 antimagic morningstar
Armour
 d - a +1 pair of boots of stealth (worn)
 g - the +0 cloak of Duty (worn) {rPois Dex+2}
   (You found it on level 4 of the Shoals)

   It affects your dexterity (+2).
   It protects you from poison.
 x - the +9 chain mail "Oxte" (worn) {rN+}
   (You found it on level 2 of the Depths)

   It protects you from negative energy.
 H - a +5 shield of protection (worn)
 P - a +2 hat (worn)
 X - the +7 plate armour of Crawling {rPois rC+ Dex+2}
   (You bought it in a shop on level 2 of the Vaults)

   It affects your dexterity (+2).
   It protects you from cold.
   It protects you from poison.
 Y - the +3 pair of gloves of Untruth (worn) {Dex+6}
   (You found it on level 1 of the Elven Halls)

   It affects your dexterity (+6).
Jewellery
 q - an uncursed ring of protection from magic
 v - an uncursed ring of resist corrosion
 y - an uncursed ring of protection from cold
 A - the amulet "Affuttag" (around neck) {Reflect Dex+3 SH+4}
   (You found it on level 4 of the Shoals)

   [amulet of reflection]

   It shields you and reflects attacks.
   It affects your dexterity (+3).
   It affects your SH (+4).
 F - an uncursed ring of see invisible
 I - the ring "Sifuzuh" {Ice rN+ Str+9 Stlth-}
   (You found it on level 5 of a ziggurat)

   [ring of ice]

   It enhances your ice magic.
   It affects your strength (+9).
   It makes you vulnerable to fire.
   It protects you from cold.
   It protects you from negative energy.
   It makes you less stealthy.
 O - the ring of Satyriasis (right hand) {Fire rPois MR+}
   (You found it on level 15 of the Dungeon)

   [ring of fire]

   It enhances your fire magic.
   It protects you from fire.
   It makes you vulnerable to cold.
   It protects you from poison.
   It affects your resistance to hostile enchantments.
 Q - an uncursed ring of protection from fire
 U - the ring "Dohouma" (left hand) {Ice Str+3 Dex+9}
   (You found it on level 2 of the Depths)

   [ring of ice]

   It enhances your ice magic.
   It affects your strength (+3).
   It affects your dexterity (+9).
   It makes you vulnerable to fire.
   It protects you from cold.
Wands
 j - a wand of hasting (7/9)
 p - a wand of teleportation (5/9)
 V - a wand of teleportation (2/9)
 W - a wand of digging (7/24)
Scrolls
 b - 20 scrolls of identify
 f - a scroll of brand weapon
 h - 22 scrolls of teleportation
 m - 10 scrolls of enchant weapon
 n - 27 scrolls of remove curse
 o - 9 scrolls of blinking
 u - 6 scrolls of fear
 B - 5 scrolls of recharging
 J - 3 scrolls of magic mapping
 L - 14 scrolls of fog
 T - 6 scrolls of enchant armour
Potions
 e - 9 potions of haste
 i - 21 potions of curing
 k - 2 potions of ambrosia
 r - 4 potions of flight
 t - 5 potions of resistance
 C - 6 potions of might
 D - 6 potions of invisibility
 E - 5 potions of agility
 N - 3 potions of cure mutation
 R - 2 potions of cancellation
Comestibles
 a - 24 meat rations
 c - 29 bread rations
 l - 12 beef jerkies
 s - 5 slices of pizza
 w - 18 fruits
 z - a royal jelly


   Skills:
 O Level 27 Fighting
 - Level 17.0 Maces & Flails
 O Level 27 Armour
 + Level 24.3 Dodging
 - Level 18.0 Shields
 - Level 9.1 Evocations


You had 25 spell levels left.
You didn't know any spells.

Dungeon Overview and Level Annotations

Branches:
Dungeon (15/15)            Temple (0/1) D:7            Lair (6/6) D:9
 Shoals (4/4) Lair:2        Snake (4/4) Lair:2        Slime (0/5) Lair:6
    Orc (2/2) D:10            Elf (3/3) Orc:2        Vaults (5/5) D:13
  Crypt (0/3) Vaults:2     Depths (5/5) D:15            Zot (1/5) Depths:5

Altars:
Fedhas
Kikubaaqudgha
Makhleb
Nemelex Xobeh
Ru
The Shining One
Beogh

Shops:
D:5 :   D:7 *   D:14 ?   Orc:2 %}!((   Elf:2 [   Shoals:2 (*   Snake:1 [
Snake:4 }   Vaults:2 [   Vaults:5 (   Depths:2 *   Depths:5 =%:!

Portals:
Hell: Depths:1 Depths:2 Depths:3 Depths:4 Depths:5
Abyss: Depths:3 Depths:4
Pandemonium: Depths:2 Depths:3 Depths:4


Innate Abilities, Weirdness & Mutations

You reflexively headbutt those who attack you in melee.
You have a pair of horns on your head.
You have very sharp teeth.
You are partially covered in molten scales. (AC +2)
You are partially covered in slimy green scales. (AC +2)
Scrolls take you a little longer to read.
You are clumsy. (Dex -2)
You have an increased reservoir of magic. (+10% MP)
You are occasionally teleported next to monsters.
You evolve.
You expend magic power (3 MP) to strengthen your wands.


Message History

You feel the Orb delaying your translocation!
Unknown command.
You feel much better.
The orb of fire glows red.
Strange energies course through your body.
You feel your magical essence link to your wands.
The white draconian breathes frost at you.
The chilling blast misses you. The yellow draconian spits acid at you.
The splash of acid hits you!
You are splashed with acid!
The acid burns!
* * * LOW HITPOINT WARNING * * *
The mottled draconian scorcher gestures at you while chanting.
The bolt of magma misses you.
Found a stone staircase leading down.
A purple draconian knight comes into view.
It is wielding an enchanted great sword.
The orb of fire glows deep purple.
The bolt of fire misses you.
The orb of fire glows red.
The fireball explodes!
The fireball engulfs you!
You die...

....##
.##.))........#
.....##
.##).....#..##
#.....##
.##..#####.##
##.....## #.##.#
#...##
##.....####..###
##...## ###
##....^##....##
##..(###.#
##....)....q.##
##...#..#
##..))...d*..##
##.....#
##.........@.#
##...##
##....d......#
##.##
##...........#
###
#............#
#.q..:.........#
..........>.....#
.⌠......:.......
...............


You could see an orb of fire, a purple draconian knight, a yellow draconian, a
white draconian and a mottled draconian scorcher.

Vanquished Creatures
  A juggernaut (Depths:2)
  An ancient lich (Vaults:5)
  Sojobo (Depths:5)
  Vashnia (Snake:2)
  Saint Roka (Vaults:2)
  Margery (Vaults:3)
  4 golden dragons
  A caustic shrike (Depths:2)
  Jory (Vaults:3)
  2 bone dragons
  2 electric golems (Zot:1)
  6 liches
  Jorgrun (Depths:2)
  The ghost of Charly the Executioner, an adept DDGl of Makhleb (Zot:1)
  A Cloud Mage (WizLab)
  8 tentacled monstrosities
  2 deep elf blademasters
  4 titans
  3 quicksilver dragons
  A kraken (Shoals:4)
  A deep elf master archer (Elf:3)
  Asterion (Vaults:3)
  9 sphinxes
  Polyphemus (Shoals:4)
  2 death cobs (Zot:1)
  Agnes (Snake:2)
  An ancient champion (Vaults:2)
  14 tengu reavers
  10 storm dragons
  A storm dragon (shapeshifter) (Vaults:4)
  Ilsuiw (Shoals:3)
  Kirke (Shoals:4)
  Donald (Shoals:2)
  6 shadow dragons
  A revenant (Zig:2)
  12 nagarajas
  2 draconian scorchers
  9 fire giants
  A draconian monk (Zot:1)
  2 draconian knights
  21 frost giants
  A ghost moth (Zot:1)
  A deep elf sorcerer (Elf:3)
  An orc warlord (Vaults:4)
  An iron dragon (Depths:2)
  20 vault wardens
  2 ghouls
  A reaper (Depths:4)
  4 draconian zealots
  Louise (Depths:3)
  A curse skull (Depths:5)
  A juggernaut zombie (Depths:4)
  3 draconian shifters (Zot:1)
  A caustic shrike zombie (Zig:1)
  5 deep elf elementalists
  3 draconian annihilators
  2 draconian callers (Zot:1)
  22 very ugly things
  A spriggan defender (Depths:2)
  2 war gargoyles
  13 ironheart preservers
  22 stone giants
  3 vampire knights
  5 deep elf demonologists
  12 black draconians (Zot:1)
  16 deep elf annihilators
  Azrael (D:14)
  5 red draconians
  3 mottled draconians
  4 green draconians
  4 yellow draconians
  2 purple draconians (Zot:1)
  6 white draconians (Zot:1)
  3 spark wasps
  A dire elephant (Lair:6)
  18 fire dragons
  Snorg (D:14)
  9 deep elf death magi
  16 ettins
  4 merfolk impalers
  8 great orbs of eyes
  3 deep elf high priests
  7 merfolk javelineers
  Harold (Orc:1)
  17 yaktaur captains
  13 ice dragons
  9 hydras
  A caustic shrike simulacrum (Depths:4)
  5 rakshasas
  31 vault guards
  24 anacondas
  6 spriggan air magi
  16 naga warriors
  6 death knights
  2 satyrs
  A catoblepas (Shoals:4)
  8 merfolk avatars
  An alligator (shapeshifter) (Vaults:5)
  12 centaur warriors
  19 ogre magi
  2 tengu warriors
  4 merfolk aquamancers
  An alligator snapping turtle (shapeshifter) (Vaults:5)
  6 deep troll shamans
  24 dancing weapons
  2 death yaks (Shoals:4)
  A vampire mage (Vaults:2)
  9 deep troll earth magi
  16 naga sharpshooters
  3 spriggan berserkers
  A thrashing horror (Zig:3)
  A titan zombie (Depths:4)
  20 deep elf knights
  15 hell knights
  A soul eater (Depths:4)
  23 slime creatures
  Urug (D:11)
  14 shock serpents
  A wretched star (Zig:4)
  A shadow wraith (Vaults:5)
  3 orc high priests
  A titan skeleton (Vaults:1)
  A fire crab (shapeshifter) (Depths:2)
  A spatial maelstrom (Zig:3)
  13 skeletal warriors
  2 iron trolls
  3 sixfirhies (Zot:1)
  4 unseen horrors
  A torturous demonspawn (Depths:4)
  4 glowing orange brains
  20 deep trolls
  6 wizards
  8 phantasmal warriors
  A deep troll (shapeshifter) (Vaults:5)
  6 naga ritualists
  A hill giant (shapeshifter) (Vaults:5)
  7 necromancers
  15 sea snakes
  Pikel (D:8)
  4 flayed ghosts
  A harpy (shapeshifter) (Vaults:5)
  16 ironbrand convokers
  7 hill giants
  9 deep elf archers
  14 orc knights
  11 harpies
  57 deep elf magi
  12 mana vipers
  2 orc sorcerers
  A wolf spider (shapeshifter) (Vaults:5)
  5 oklob plants
  19 ugly things
  A shadow dragon skeleton (Depths:4)
  6 cyclopes
  11 moths of wrath (Zot:1)
  13 manticores
  2 wolf spiders (Vaults:1)
  14 elephants (Lair:6)
  2 moths of wrath (shapeshifter)
  9 salamanders
  8 fauns
  16 guardian serpents
  A salamander (shapeshifter) (Elf:2)
  13 sirens
  Maurice (D:8)
  Joseph (D:7)
  36 black mambas
  2 gargoyles
  A stone giant skeleton (Vaults:1)
  11 naga magi
  A black mamba (shapeshifter) (Vaults:5)
  15 vault sentinels
  An orange demon (Depths:4)
  A torpor snail (shapeshifter) (Vaults:3)
  6 water nymphs
  10 rime drakes
  2 large abominations (Zig:3)
  16 komodo dragons
  2 kobold demonologists
  14 spiny frogs
  An efreet (Zig:3)
  10 freezing wraiths
  49 yaktaurs
  6 tengu conjurers
  A yaktaur skeleton (Vaults:1)
  10 trolls
  3 meliai (D:13)
  3 polar bears
  41 merfolk
  A polar bear (shapeshifter) (D:13)
  22 two-headed ogres
  A queen bee (shapeshifter) (Vaults:2)
  3 dream sheep (Shoals:1)
  3 hippogriffs (shapeshifter)
  11 hippogriffs
  A raiju (Zot:1)
  5 hornets
  13 wind drakes
  2 hornets (shapeshifter)
  9 snapping turtles
  21 blink frogs
  A redback (shapeshifter) (Depths:4)
  A spriggan (D:8)
  2 shadows
  A tarantella (shapeshifter) (Vaults:1)
  4 wraiths
  5 wyverns
  63 yaks
  35 air elementals
  A ynoxinul (Depths:4)
  5 fire elementals
  6 hogs (Shoals:4)
  A basilisk (Lair:6)
  15 water elementals
  19 humans (D:13)
  A basilisk (shapeshifter) (Vaults:1)
  A neqoxec (Abyss:1)
  A golden eye (shapeshifter) (Depths:2)
  3 hungry ghosts
  A chaos spawn (Depths:4)
  3 mottled dragons
  59 nagas
  7 wargs
  A swamp worm (shapeshifter) (Vaults:2)
  A water moccasin (shapeshifter) (Depths:5)
  7 insubstantial wisps (WizLab)
  17 water moccasins
  3 hell hounds (D:14)
  3 floating eyes (Depths:2)
  10 porcupines
  5 sky beasts
  43 orc warriors
  5 phantoms
  4 slaves (D:8)
  3 black bears
  3 eyes of draining
  A black bear (shapeshifter) (Depths:3)
  3 ice beasts
  2 necrophages
  11 boggarts
  14 wolves
  71 ogres
  32 centaurs
  14 crocodiles
  8 big kobolds
  3 small abominations
  20 bullfrogs
  5 earth elementals
  A deep troll simulacrum (Vaults:3)
  A gnoll sergeant (D:9)
  A water moccasin zombie (D:9)
  A water moccasin skeleton (D:7)
  3 wyvern skeletons
  9 scorpions
  5 wights (D:13)
  7 electric eels
  6 howler monkeys
  2 bullfrog zombies
  3 quasits
  10 crimson imps
  2 jellies
  A centaur skeleton (D:8)
  3 bullfrog skeletons
  19 orc priests
  5 centaur zombies
  9 hounds
  A gnoll shaman (D:4)
  6 iguanas
  An iron imp (Depths:4)
  27 orc wizards
  12 worker ants
  5 lightning spires (Zot:1)
  4 big kobold zombies (Ossuary)
  6 mummies
  A hound skeleton (D:8)
  2 worker ant zombies (D:10)
  A howler monkey skeleton (D:9)
  19 gnolls
  8 adders
  A river rat (shapeshifter) (Depths:2)
  6 shadow imps
  3 white imps (Depths:4)
  2 ufetubi (Depths:4)
  2 oozes
  An adder skeleton (D:8)
  4 worms
  3 leopard geckos
  123 orcs
  6 giant cockroaches
  3 goblins
  8 hobgoblins
  12 jackals
  24 kobolds
  5 quokkas
  6 ball pythons
  12 bats
  5 frilled lizards
  6 hobgoblin zombies
  A jackal skeleton (D:7)
  An orc zombie (D:4)
  A quokka skeleton (D:7)
  6 rats
  3 crawling corpses
  A fungus (Lair:4)
  A tentacle (Shoals:4)
2337 creatures vanquished.

Vanquished Creatures (collateral kills)
  3 orc knights (Orc:2)
  14 orc warriors (Orc:2)
  A centaur (Orc:2)
  6 orcs (Orc:2)
24 creatures vanquished.

Vanquished Creatures (others)
  A titan (Vaults:5)
  A draconian monk (Zot:1)
  A draconian scorcher (Zot:1)
  A draconian shifter (Zot:1)
  An ironheart preserver (Vaults:5)
  4 stone giants
  A black draconian (Zot:1)
  A mottled draconian (Zot:1)
  3 purple draconians (Zot:1)
  A merfolk javelineer (Shoals:4)
  A yaktaur captain (Vaults:5)
  A hell knight (Depths:2)
  An ironbrand convoker (Vaults:5)
  2 deep elf archers
  A deep elf mage (Vaults:1)
  A cyclops (Shoals:4)
  A guardian serpent (Snake:4)
  11 yaktaurs
  A tengu conjurer (Depths:3)
  A raiju (Zot:1)
  2 insubstantial wisps (WizLab)
  3 ogres
  3 boggarts
  5 ball lightnings (Zot:1)
  A jackal (D:9)
  10 fungi
  22 plants
  11 tentacles (Shoals:4)
93 creatures vanquished.

Grand Total: 2454 creatures vanquished

Notes
Turn   | Place    | Note
-------+----------+-------------------------------------------
     0 | D:1      | Monsterracer the Minotaur Berserker began the quest for the Orb.
     0 | D:1      | Reached XP level 1. HP: 19/19 MP: 0/0
    50 | D:1      | Reached XP level 2. HP: 17/26 MP: 1/1
   334 | D:1      | Gained mutation: You are frail. (-10% HP) [potion of mutation]
   334 | D:1      | Gained mutation: Your muscles are strong. (Str +2) [potion of mutation]
   334 | D:1      | Gained mutation: You regenerate slowly when monsters are visible. [potion of mutation]
   478 | D:1      | Reached skill level 5 in Maces & Flails
   577 | D:2      | Reached XP level 3. HP: 26/27 MP: 2/2
   579 | D:2      | Reached ** piety under Trog
  1004 | D:2      | HP: 2/40 [worm (1)]
  1310 | D:3      | Reached XP level 4. HP: 35/35 MP: 3/3
  1325 | D:3      | Reached XP level 5. HP: 10/40 MP: 4/4
  1583 | D:3      | Noticed an orc warrior
  1594 | D:3      | Killed an orc warrior
  1597 | D:3      | Reached XP level 6. HP: 45/45 MP: 5/5
  1991 | D:3      | Reached *** piety under Trog
  2165 | D:4      | Reached XP level 7. HP: 53/53 MP: 6/6
  2203 | D:4      | Found a sand-covered staircase.
  2210 | Ossuary  | Entered an ossuary
  2727 | Ossuary  | Reached **** piety under Trog
  2727 | Ossuary  | Received a gift from Trog
  2817 | D:4      | Reached skill level 5 in Fighting
  3087 | D:4      | Reached skill level 10 in Maces & Flails
  3112 | D:4      | Reached XP level 8. HP: 61/61 MP: 7/7
  3203 | D:4      | Found a sacrificial altar of Ru.
  3462 | D:4      | Found a glowing golden altar of the Shining One.
  3462 | D:4      | Found a sparkling altar of Nemelex Xobeh.
  3467 | D:4      | Found a faded altar of an unknown god.
  3469 | D:4      | Found an ancient bone altar of Kikubaaqudgha.
  3471 | D:4      | Found a faded altar of an unknown god.
  3717 | D:5      | Entered Level 5 of the Dungeon
  3744 | D:5      | Found Poteliu's Book Shop.
  3753 | D:5      | Reached skill level 5 in Armour
  3936 | D:5      | Found a glowing drain.
  3950 | Sewer    | Entered a sewer
  4654 | D:6      | Found a sparkling altar of Nemelex Xobeh.
  4833 | D:6      | Reached skill level 1 in Shields
  4928 | D:6      | Got a polished chain mail
  4939 | D:6      | Identified the +4 chain mail "Vough" {rF+} (You found it on level 6 of the Dungeon)
  5006 | D:6      | Got a crude ring mail
  5017 | D:6      | Identified the +4 ring mail "Xedioj" {rF+ Str-3 Stlth+} (You found it on level 6 of the Dungeon)
  5320 | D:7      | Found a staircase to the Ecumenical Temple.
  5345 | D:7      | Reached XP level 9. HP: 57/70 MP: 8/8
  5615 | D:7      | Noticed Joseph
  5629 | D:7      | Killed Joseph
  5940 | D:7      | Found Rabuttepp's Assorted Antiques.
  5944 | D:7      | Bought a peridot ring for 125 gold pieces
  5944 | D:7      | Bought a scroll labeled QIOL HAL ASOTRY for 25 gold pieces
  5944 | D:7      | Bought a scroll labeled QIOL HAL ASOTRY for 25 gold pieces
  5966 | D:7      | Reached ***** piety under Trog
  6477 | D:8      | HP: 3/72 [poisoned by a scorpion]
  6483 | D:8      | HP: 2/72 [poisoned by a scorpion]
  6488 | D:8      | HP: 2/72 [poisoned by a scorpion]
  6568 | D:8      | Noticed Maurice
  6810 | D:8      | Reached skill level 5 in Shields
  6878 | D:8      | HP: 3/72 [something (2)]
  6889 | D:8      | Killed an unseen horror
  6889 | D:8      | Reached XP level 10. HP: 23/80 MP: 9/9
  7208 | D:8      | Noticed Pikel
  7231 | D:8      | Killed Pikel
  7495 | D:8      | Killed Maurice
  8710 | D:9      | Reached XP level 11. HP: 82/87 MP: 10/10
  8749 | D:9      | Found a burning altar of Makhleb.
  8749 | D:9      | Noticed a cacodemon
  8793 | D:9      | Found a staircase to the Lair.
  9435 | Lair:1   | Entered Level 1 of the Lair of Beasts
 10980 | Lair:1   | Noticed a four-headed hydra
 10989 | Lair:1   | Killed a four-headed hydra
 11199 | Lair:2   | Reached skill level 10 in Fighting
 11439 | Lair:2   | Reached skill level 10 in Armour
 11444 | Lair:2   | Reached skill level 15 in Maces & Flails
 11515 | Lair:2   | Found a staircase to the Snake Pit.
 11564 | Lair:2   | HP: 4/90 [blink frog (3)]
 11878 | Lair:2   | Received a gift from Trog
 12319 | Lair:2   | Found a staircase to the Shoals.
 12353 | Lair:2   | Reached XP level 12. HP: 80/97 MP: 11/11
 13549 | Lair:3   | Noticed a six-headed hydra
 13555 | Lair:3   | Killed a six-headed hydra
 13674 | Lair:3   | Reached skill level 10 in Shields
 14119 | Lair:4   | Noticed a five-headed hydra
 14126 | Lair:4   | Killed a five-headed hydra
 15421 | Lair:5   | Reached XP level 13. HP: 100/109 MP: 12/12
 15739 | Lair:5   | Received a gift from Trog
 15877 | Lair:5   | Got a scorched demon whip {god gift}
 15881 | Lair:5   | Identified the +5 demon whip "Luday" {vamp, rF- rC+ MR+} (Trog gifted it to you on level 5 of the Lair of Beasts)
 16259 | Lair:6   | Entered Level 6 of the Lair of Beasts
 16516 | Lair:6   | Found a staircase to the Slime Pits.
 16959 | Lair:6   | Reached ****** piety under Trog
 17256 | Lair:6   | Received a gift from Trog
 17260 | Lair:6   | Reached skill level 15 in Fighting
 17342 | Lair:6   | Reached XP level 14. HP: 118/121 MP: 13/13
 18204 | D:10     | Entered Level 10 of the Dungeon
 18204 | D:10     | Found a staircase to the Orcish Mines.
 18815 | D:10     | Received a gift from Trog
 19157 | D:10     | Lost mutation: You regenerate slowly when monsters are visible. [potion of cure mutation]
 19157 | D:10     | Lost mutation: You are frail. (-10% HP) [potion of cure mutation]
 19325 | Orc:1    | Entered Level 1 of the Orcish Mines
 19353 | Orc:1    | Noticed Harold
 19372 | Orc:1    | Killed Harold
 19626 | Orc:2    | Entered Level 2 of the Orcish Mines
 19638 | Orc:2    | Found a roughly hewn altar of Beogh.
 19832 | Orc:2    | Received a gift from Trog
 20332 | Orc:2    | Found Enawecva's Antique Weapon Shop.
 20332 | Orc:2    | Found Joiwn's Distillery.
 20334 | Orc:2    | Found Uvic's Gadget Shoppe.
 20336 | Orc:2    | Found Giqiekleaju's Antique Weapon Boutique.
 20357 | Orc:2    | Bought a wand of hasting (7/9) for 858 gold pieces
 20359 | Orc:2    | Bought a potion of beneficial mutation for 455 gold pieces
 20359 | Orc:2    | Gained mutation: You have an increased reservoir of magic. (+10% MP) [potion of beneficial mutation]
 20462 | Orc:2    | Found Jeivathro's Food Shop.
 20783 | Orc:2    | Found a staircase to the Elven Halls.
 20874 | Orc:2    | Received a gift from Trog
 21411 | D:11     | Noticed Urug
 21423 | D:11     | Killed Urug
 21423 | D:11     | Reached skill level 15 in Shields
 22786 | D:13     | Received a gift from Trog
 22942 | D:13     | Reached XP level 15. HP: 145/145 MP: 15/15
 23055 | D:13     | Found a gate to the Vaults.
 23274 | D:13     | Reached skill level 15 in Armour
 23466 | D:13     | Received a gift from Trog
 23822 | D:14     | Noticed Azrael
 23842 | D:14     | Killed Azrael
 23860 | D:14     | Noticed Snorg
 23874 | D:14     | Killed Snorg
 24360 | D:14     | Found Zourrayl's Magic Scroll Shoppe.
 24727 | D:15     | Entered Level 15 of the Dungeon
 24785 | D:15     | Found a blossoming altar of Fedhas.
 24832 | D:15     | Got a smoking platinum ring
 24872 | D:15     | Identified the ring of Satyriasis {Fire rPois MR+} (You found it on level 15 of the Dungeon)
 25200 | D:15     | Found a staircase to the Depths.
 25294 | D:15     | Received a gift from Trog
 26155 | Snake:1  | Entered Level 1 of the Snake Pit
 26167 | Snake:1  | Cast into level 1 of the Abyss (naga)
 26227 | Snake:1  | Escaped the Abyss
 26234 | Snake:1  | Reached XP level 16. HP: 120/157 MP: 16/16
 26287 | Snake:1  | Found Zynt's Antique Armour Boutique.
 26304 | Snake:1  | Bought an embroidered cloak for 378 gold pieces
 26304 | Snake:1  | Bought a pair of embroidered gloves for 378 gold pieces
 26595 | Snake:1  | Reached skill level 1 in Evocations
 27420 | Snake:2  | Received a gift from Trog
 27682 | Snake:2  | Noticed Vashnia
 27732 | Snake:2  | Killed Vashnia
 27991 | Snake:2  | Noticed Agnes
 28008 | Snake:2  | Killed Agnes
 28247 | Snake:2  | Found a sacrificial altar of Ru.
 29531 | Snake:3  | Reached skill level 5 in Evocations
 29773 | Snake:1  | Bought a glowing shield for 378 gold pieces
 29846 | Snake:4  | Entered Level 4 of the Snake Pit
 29872 | Snake:4  | Reached XP level 17. HP: 166/166 MP: 21/21
 29941 | Snake:4  | Found Ofelamit's Gadget Emporium.
 30490 | Snake:4  | Received a gift from Trog
 31269 | Snake:4  | Identified a scroll of acquirement
 31471 | Snake:4  | Received a gift from Trog
 31789 | Snake:4  | Reached XP level 18. HP: 82/178 MP: 25/25
 32026 | Snake:4  | Got a serpentine rune of Zot
 32489 | Shoals:1 | Entered Level 1 of the Shoals
 33883 | Shoals:2 | Found Ytul's Antique Weapon Shop.
 33891 | Shoals:2 | Found Fteny's Fabulous Fripperies.
 34009 | Shoals:2 | Received a gift from Trog
 34656 | Shoals:2 | Noticed Donald
 34667 | Shoals:2 | Killed Donald
 34966 | Shoals:3 | Noticed Ilsuiw
 35052 | Shoals:3 | Killed Ilsuiw
 35397 | Shoals:3 | Got a crude scale mail
 35408 | Shoals:3 | Identified the cursed +1 scale mail of Viotox {rF+ Regen+} (You found it on level 3 of the Shoals)
 35944 | Shoals:3 | Received a gift from Trog
 35948 | Shoals:4 | Entered Level 4 of the Shoals
 36107 | Shoals:4 | Got a slimy brass amulet
 36118 | Shoals:4 | Identified the amulet "Affuttag" {Reflect Dex+3 SH+4} (You found it on level 4 of the Shoals)
 36129 | Shoals:4 | Noticed Kirke
 36189 | Shoals:4 | Killed Kirke
 36263 | Shoals:4 | Got an ichor-stained cloak
 36274 | Shoals:4 | Identified the +0 cloak of Duty {rPois Dex+2} (You found it on level 4 of the Shoals)
 36365 | Shoals:4 | Noticed Polyphemus
 36385 | Shoals:4 | Killed Polyphemus
 36947 | Shoals:4 | Got a barnacled rune of Zot
 37060 | Shoals:4 | Reached XP level 19. HP: 190/190 MP: 27/27
 37223 | Shoals:4 | Identified the Volume of Noxious Battle Magic
 37539 | Lair:1   | You fall through a shaft!
 37748 | Vaults:1 | Entered Level 1 of the Vaults
 37868 | Vaults:1 | Received a gift from Trog
 38958 | Vaults:1 | Received a gift from Trog
 39899 | Vaults:2 | Found a staircase to the Crypt.
 40122 | Vaults:2 | Received a gift from Trog
 40567 | Vaults:2 | Reached XP level 20. HP: 184/203 MP: 28/28
 40695 | Vaults:2 | Noticed Saint Roka
 40713 | Vaults:2 | Found Xudaor's Antique Armour Boutique.
 40725 | Vaults:2 | Killed Saint Roka
 40772 | Vaults:2 | Received a gift from Trog
 40834 | Vaults:2 | Bought a translucent plate armour for 1008 gold pieces
 40844 | Vaults:2 | Identified the +7 plate armour of Crawling {rPois rC+ Dex+2} (You bought it in a shop on level 2 of the Vaults)
 41393 | Vaults:3 | Noticed Jory
 41423 | Vaults:3 | Killed Jory
 42090 | Vaults:3 | Noticed Margery
 42111 | Vaults:3 | Killed Margery
 42217 | Vaults:3 | Received a gift from Trog
 42595 | Vaults:3 | Noticed Asterion
 42617 | Vaults:3 | Killed Asterion
 43618 | Vaults:4 | Received a gift from Trog
 43658 | Vaults:4 | Reached XP level 21. HP: 215/215 MP: 29/29
 44476 | Elf:1    | Entered Level 1 of the Elven Halls
 45144 | Elf:1    | Got a pair of distressingly furry gloves
 45155 | Elf:1    | Identified the +3 pair of gloves of Untruth {Dex+6} (You found it on level 1 of the Elven Halls)
 45206 | Elf:1    | Received a gift from Trog
 45530 | Elf:2    | Found Ellae's Antique Armour Shoppe.
 45762 | Elf:2    | Found a runed gate.
 45762 | Elf:2    | Found a runed gate.
 45762 | Elf:2    | Found a runed gate.
 46271 | Elf:2    | Received a gift from Trog
 46480 | Elf:3    | Entered Level 3 of the Elven Halls
 46874 | Elf:3    | Found a magical portal.
 46894 | WizLab   | Entered The Chambers of the Cloud Mage
 47449 | WizLab   | Received a gift from Trog
 47614 | WizLab   | Identified the Compendium of Weightlessness
 47637 | WizLab   | Identified Woyc's Grimoire of the Birds
 48288 | Elf:3    | Received a gift from Trog
 48343 | Elf:3    | Reached XP level 22. HP: 215/228 MP: 30/30
 48381 | Elf:3    | Got a vibrating steel amulet
 48588 | Elf:3    | Identified the amulet of Bikojam {Faith rPois rC+ MR- Dex+3} (You took it off a deep elf annihilator on level 3 of the Elven Halls)
 49437 | Depths:1 | Entered Level 1 of the Depths
 49452 | Depths:1 | Received a gift from Trog
 49882 | Depths:1 | Found a gateway to Hell.
 50331 | Depths:2 | Received a gift from Trog
 50417 | Depths:2 | Found Iphutt's Changing Room.
 50419 | Depths:2 | Found a one-way gate leading to the halls of Pandemonium.
 50517 | Depths:2 | Paralysed by a floating eye for 3 turns
 50532 | Depths:2 | Paralysed by a floating eye for 4 turns
 50617 | Depths:2 | Paralysed by a floating eye for 2 turns
 50816 | Depths:2 | Noticed Jorgrun
 50861 | Depths:2 | Killed Jorgrun
 50923 | Depths:2 | Reached skill level 27 in Fighting
 51090 | Depths:2 | Paralysed by a floating eye for 4 turns
 51204 | Depths:2 | Received a gift from Trog
 51253 | Depths:2 | Got a scorched eveningstar {god gift}
 51309 | Depths:2 | Identified the +2 eveningstar "Pauq" {vamp, *Noise MR+ Stlth+} (Trog gifted it to you on level 2 of the Depths)
 51315 | Depths:2 | Got a translucent bone ring
 51325 | Depths:2 | Noticed a caustic shrike
 51338 | Depths:2 | Killed a caustic shrike
 51415 | Depths:2 | Noticed a golden dragon
 51438 | Depths:2 | Killed a golden dragon
 51721 | Depths:2 | Got a shimmering iron ring
 51722 | Depths:2 | Identified the ring "Dohouma" {Ice Str+3 Dex+9} (You found it on level 2 of the Depths)
 51723 | Depths:2 | Identified the ring "Zoxtuk" {+Fly Dex+2} (You took it off a vampire knight on level 2 of the Depths)
 51747 | Depths:2 | Got a bloodstained chain mail
 51748 | Depths:2 | Identified the +9 chain mail "Oxte" {rN+} (You found it on level 2 of the Depths)
 51827 | Depths:2 | Noticed a juggernaut
 51855 | Depths:2 | Killed a juggernaut
 51855 | Depths:2 | Reached skill level 27 in Armour
 51855 | Depths:2 | Reached XP level 23. HP: 203/240 MP: 31/31
 52520 | Depths:3 | Reached skill level 5 in Dodging
 52960 | Depths:3 | Received a gift from Trog
 53590 | Depths:3 | Found a one-way gate to the infinite horrors of the Abyss.
 53590 | Depths:3 | Noticed Louise
 53597 | Depths:3 | Killed Louise
 54097 | Depths:4 | Reached skill level 10 in Dodging
 54760 | Depths:4 | Upgraded the game from 0.19.0-19-g8c6edcc to 0.19.0-20-gbc5f0c6
 54794 | Depths:5 | Entered Level 5 of the Depths
 54796 | Depths:5 | Noticed Sojobo
 54796 | Depths:5 | Found a gateway to a ziggurat.
 54819 | Depths:5 | Killed Sojobo
 54819 | Depths:5 | Received a gift from Trog
 54834 | Depths:5 | Got a smoking demon whip {god gift}
 54835 | Depths:5 | Identified the +10 demon whip of Bokkuw {flame, rElec Dex+4} (Trog gifted it to you on level 5 of the Depths)
 54904 | Depths:5 | Found Syof's Distillery.
 54907 | Depths:5 | Found Fauzu's Book Shop.
 54907 | Depths:5 | Found Vipsilyvo's Food Boutique.
 54941 | Depths:5 | Found Sisupiomn's Jewellery Boutique.
 55464 | Depths:5 | Reached XP level 24. HP: 152/249 MP: 31/31
 55516 | Depths:5 | Found a gate to the Realm of Zot.
 56345 | Depths:4 | Reached skill level 15 in Dodging
 56366 | Depths:4 | Received a gift from Trog
 56548 | Zig:1    | Entered Level 1 of a ziggurat
 56574 | Zig:2    | Entered Level 2 of a ziggurat
 56612 | Zig:2    | Gained mutation: You evolve. [potion of beneficial mutation]
 56615 | Zig:3    | Entered Level 3 of a ziggurat
 56646 | Zig:4    | Entered Level 4 of a ziggurat
 56729 | Zig:5    | Entered Level 5 of a ziggurat
 56915 | Zig:5    | Got a crude turquoise ring
 56919 | Zig:5    | Identified Vaesch's Compendium of Boosts and Curses
 56925 | Zig:5    | Identified the ring "Sifuzuh" {Ice rN+ Str+9 Stlth-} (You found it on level 5 of a ziggurat)
 56930 | Zig:6    | Entered Level 6 of a ziggurat
 57230 | Depths:5 | Gained mutation: You have very sharp teeth. [evolution]
 57785 | Vaults:5 | Entered Level 5 of the Vaults
 57785 | Vaults:5 | Noticed an ancient lich
 57813 | Vaults:5 | Received a gift from Trog
 57844 | Vaults:5 | Killed an ancient lich
 57846 | Vaults:5 | Paralysed by a floating eye for 4 turns
 57956 | Vaults:5 | Gained mutation: You are partially covered in slimy green scales. (AC +2) [potion of beneficial mutation]
 58310 | Vaults:5 | Got a dazzling ring mail
 58326 | Vaults:5 | Reached XP level 25. HP: 257/257 MP: 31/31
 58335 | Vaults:5 | Received a gift from Trog
 58473 | Vaults:5 | Identified the +2 ring mail of Beogh's Generosity {Slay+3} (You found it on level 5 of the Vaults)
 59097 | Vaults:5 | Received a gift from Trog
 59193 | Vaults:5 | Lost mutation: Your muscles are strong. (Str +2) [evolution]
 59426 | Vaults:5 | Got a silver rune of Zot
 59800 | Vaults:5 | Gained mutation: You are partially covered in molten scales. (AC +2) [potion of beneficial mutation]
 59821 | Vaults:5 | Found Jemu's Antique Weapon Boutique.
 59901 | Vaults:5 | Received a gift from Trog
 60524 | Zot:1    | Entered Level 1 of the Realm of Zot
 60897 | Zot:1    | Reached XP level 26. HP: 251/266 MP: 31/31
 61329 | Zot:1    | Received a gift from Trog
 61613 | Zot:1    | Noticed an orb of fire
 61614 | Zot:1    | Noticed Charly's ghost (adept DDGl)
 61638 | Zot:1    | Killed Charly's ghost
 61664 | Zot:1    | Gained mutation: You are occasionally teleported next to monsters. [an orb of fire]
 61666 | Zot:1    | Gained mutation: Scrolls take you a little longer to read. [an orb of fire]
 61672 | Zot:1    | HP: 13/266 [orb of fire/fireball (56)]
 61675 | Zot:1    | Gained mutation: You are clumsy. (Dex -2) [an orb of fire]
 61679 | Zot:1    | Gained mutation: You expend magic power (3 MP) to strengthen your wands. [an orb of fire]
 61681 | Zot:1    | Killed from afar by an orb of fire

Skill      XL: |  1  2  3  4  5  6  7  8  9 10 11 12 13 14 15 16 17 18 19 20 21 22 23 24 25 26 |
---------------+-------------------------------------------------------------------------------+-----
Maces & Flails | 4 5 6 7 8 9 10 11 13 14 15 16 17 | 17.0
Armour         | 3 4 6 7 9 10 12 13 14 16 17 18 20 22 23 25 27 | 27.0
Fighting       | 4 5 6 8 9 10 13 15 16 17 18 20 21 23 24 26 27 | 27.0
Shields        | 2 5 7 9 10 13 15 16 18 | 18.0
Evocations     | 5 8 9 |  9.1
Dodging        | 13 19 23 24 | 24.3

Action                   |  1- 3 |  4- 6 |  7- 9 | 10-12 | 13-15 | 16-18 | 19-21 | 22-24 | 25-27 || total
-------------------------+-------+-------+-------+-------+-------+-------+-------+-------+-------++-------
Melee: Mace              |    71 |    80 |   107 |       |       |       |       |       |       ||   258
       Headbutt          |    12 |    17 |    92 |   135 |   477 |   611 |   974 |  1048 |   413 ||  3779
       Morningstar       |       |       |   284 |   651 |    62 |       |       |       |       ||   997
       Demon whip        |       |       |       |       |  1663 |  2115 |  2421 |  2297 |   886 ||  9382
       Bite              |       |       |       |       |       |       |       |    55 |   222 ||   277
Invok: Berserk           |     3 |     3 |     4 |    10 |    14 |    10 |     6 |     7 |     2 ||    59
       Burn Spellbooks   |       |     1 |       |     2 |     2 |     2 |     6 |     7 |     7 ||    27
       Brothers in Arms  |       |       |       |       |     2 |       |       |       |       ||     2
 Abil: Evoke Invisibilit |       |       |       |       |       |     1 |       |       |       ||     1
Evoke: Wand              |       |       |       |       |       |       |     1 |     1 |       ||     2
  Use: Potion            |     4 |       |     9 |     8 |     3 |     2 |     3 |     4 |     5 ||    38
       Scroll            |       |     8 |     7 |     3 |     6 |    10 |    10 |    15 |     4 ||    63
 Stab: Invisible         |       |       |       |     3 |       |     3 |       |       |       ||     6
       Distracted        |       |       |       |       |       |     1 |       |     1 |       ||     2
       Confused          |       |       |       |       |       |       |       |     1 |       ||     1
  Eat: Chunk             |     8 |    11 |    18 |    50 |    54 |    45 |    40 |    39 |    13 ||   278
Armor: Animal skin       |     4 |       |       |       |       |       |       |       |       ||     4
       Scale mail        |    10 |    30 |    38 |       |       |       |       |       |       ||    78
       Ring mail         |       |       |    42 |       |       |       |       |       |       ||    42
       Chain mail        |       |       |   148 |   239 |   274 |       |       |   331 |   127 ||  1119
       Plate armour      |       |       |       |       |   145 |   843 |   487 |   203 |       ||  1678
       Skin              |       |       |       |       |       |       |       |       |     6 ||     6
Dodge: Dodged            |    41 |    30 |   122 |   155 |   229 |   364 |   265 |   596 |   469 ||  2271
Block: Shield            |       |       |   102 |   331 |   127 |  1141 |  1429 |  1810 |   808 ||  5748
       Large shield      |       |       |       |       |  1043 |   431 |       |       |       ||  1474
       Reflection        |       |       |       |       |       |    27 |    94 |    66 |    23 ||   210
